 Dungeon Crawl Stone Soup version 0.18-a0-1773-gec4f98e (webtiles) character file.

7 M4edhros the Grave Robber (level 2, -1/17 HPs)
             Began as an Octopode Necromancer on Apr 14, 2016.
             Slain by a jackal (2 damage)
             ... on level 2 of the Dungeon.
             The game lasted 00:00:54 (180 turns).

M4edhros the Grave Robber (Octopode Necromancer)     Turns: 180, Time: 00:00:54

Health: -1/17      AC:  1    Str:  7    XL:     2   Next: 0%
Magic:  1/5        EV: 12    Int: 17    God:
Gold:   3          SH:  0    Dex: 12    Spells: 1 memorised, 4 levels left

rFire  . . .     SeeInvis .       - Unarmed
rCold  . . .     Gourm    .     (no shield)
rNeg   . . .     Faith    .     (helmet restricted)
rPois  .         Spirit   .     (no amulet)
rElec  .         Dismiss  .     (no ring)
rCorr  .         Reflect  .     (no ring)
SustAt .         Harm     .     (no ring)
MR     .....                    (no ring)
Stlth  +++.......               (no ring)
                                (no ring)
                                (no ring)
                                (no ring)

@: not resistant to hostile enchantments, fairly stealthy
A: almost no armour, amphibious, 8 rings, constrict 8, camouflage 1, gelatinous
body 1
a: no special abilities


You were on level 2 of the Dungeon.
You were not hungry.

You visited 1 branch of the dungeon, and saw 2 of its levels.

You collected 3 gold pieces.

Inventory:

Missiles
 c - 17 stones (quivered)
Books
 a - a book of Necromancy

   Spells                             Type                      Level
   a - Pain                           Necromancy                   1
   b - Animate Skeleton               Necromancy                   1
   c - Vampiric Draining              Necromancy                   3
   d - Regeneration                   Charms/Necromancy            3
   e - Animate Dead                   Necromancy                   4
   f - Control Undead                 Necromancy                   4
Comestibles
 b - 2 bread rations
 d - 5 chunks of flesh


   Skills:
 - Level 2.0 Dodging
 - Level 2.6 Stealth
 + Level 1.5 Unarmed Combat
 - Level 2.0 Spellcasting
 - Level 4.0 Necromancy


You had 4 spell levels left.
You knew the following spells:

 Your Spells              Type           Power        Failure   Level  Hunger
a - Pain                  Necr           ###.         3%          1    #......


Dungeon Overview and Level Annotations

Branches:
Dungeon (2/15)

Altars:
Ru


Innate Abilities, Weirdness & Mutations

You cannot wear most types of armour.
You are amphibious.
You can wear up to eight rings at the same time.
You can use your tentacles to constrict eight enemies at once.
Your skin changes colour to match your surroundings (Stealth).
Your rubbery body absorbs attacks (AC +1).


Message History

A jackal comes into view.
Your magical contamination has completely faded away.
You aren't carrying any potions.
Read which item? (? for menu, Esc to quit)
As you read the scroll labeled UFUTSA VEIDOD, it crumbles to dust.
It is a scroll of recharging.
You aren't carrying any rechargeable items.
The jackal bites you but does no damage.
Casting: Pain
Confirm with . or Enter, or press ? or * to list all spells.
Aiming: Pain
Press: ? - help, Shift-Dir - straight line, f - jackal
Aim: a jackal (chance to defeat MR: 92%)
The jackal convulses in agony!
The jackal barely misses you.
You barely miss the jackal. Your grab misses the jackal.
The jackal is almost dead.
The jackal bites you.
* * * LOW HITPOINT WARNING * * *
The jackal bites you.
You die...

########## #........#
#.....##$#
#######.....##@#
#...w....(..##h#
#.######+#####.#######
#.# #..............
#.# #.........#####
#.# #+#####.#.....
###.###### #.#.....#
.........# #.#......
###.####.#... #.#
....#


You could see a jackal.

Vanquished Creatures
  A hobgoblin (D:2)
  4 jackals (D:2)
5 creatures vanquished.

Notes
Turn   | Place    | Note
--------------------------------------------------------------
     0 | D:1      | M4edhros the Octopode Necromancer began the quest for the Orb.
     0 | D:1      | Reached XP level 1. HP: 11/11 MP: 3/3
    91 | D:2      | Reached skill level 1 in Unarmed Combat
   105 | D:2      | Reached XP level 2. HP: 4/17 MP: 1/5
   137 | D:2      | Found a sacrificial altar of Ru.
   180 | D:2      | Slain by a jackal

Vault maps used:
D:1:      onia_arrival_pyramid
D:2:      amethyst_overflow_temple_binary, first_bread,
          nicolae_ru_sacrificial_ziggurat, uniq_terence

Skill      XL: |  1 |
---------------+----+-----
Unarmed Combat | 1 |  1.5
Dodging        | |  2.0
Stealth        | |  2.6
Spellcasting   | |  2.0
Necromancy     | |  4.0

Action                   || total
-------------------------++-------
Melee: Unarmed           ||     5
       Constrict         ||     1
       Tentacles         ||     1
 Cast: Pain              ||    12
  Use: Scroll            ||     1
Armor: Skin              ||     2
Dodge: Dodged            ||     2
